 Dungeon Sprint DCSS version 0.28.0-43-g3370ac3207 (webtiles) character file.

Game seed: 15429791468473431680

259 boopmooplesden the Carver (level 5, -10/87 HPs)
             Began as a Minotaur Berserker on Mar 2, 2022.
             Was a Follower of Trog.
             Mangled by a neqoxec (14 damage)
             ... in the Dungeon (Sprint II: "The Violet Keep of Menkaure").
             The game lasted 00:00:10 (18 turns).

boopmooplesden the Carver (Minotaur Berserker)        Turns: 18, Time: 00:00:10

Health: -10/87     AC:  2    Str: 21    XL:     5   Next: 94%
Magic:  4/4        EV: 13    Int:  4    God:    Trog [*.....]
Gold:   0          SH:  0    Dex: 12    Spells: 4/4 levels left

rFire   . . .      SeeInvis .   a - +0 falchion
rCold   . . .      Faith    .   (no shield)
rNeg    . . .      Spirit   .   b - +0 animal skin
rPois   .          Reflect  .   (helmet restricted)
rElec   .          Harm     .   (no cloak)
rCorr   .          Rampage  .   (no gloves)
Will    .....      NoTele   +   (no boots)
Stlth   ..........              (no amulet)
HPRegen 0.24/turn               (no ring)
MPRegen 0.09/turn               (no ring)

@: berserking (expiring), very quick
A: horns 2, retaliatory headbutt
a: Renounce Religion, Berserk


You were in the Dungeon.
You worshipped Trog.
Trog was aware of your devotion.
You visited 1 branch

Inventory:

Hand Weapons
 a - a +0 falchion (weapon)
Armour
 b - a +0 animal skin (worn)
Scrolls
 h - a scroll of blinking
Potions
 c - a potion of curing
 d - a potion of heal wounds
 e - a potion of haste
 f - 2 potions of magic
 g - a potion of berserk rage


   Skills:
 + Level 9.9 Fighting
 + Level 9.9 Long Blades
 + Level 5.1 Armour
 + Level 5.1 Dodging


You had 4 spell levels left.
You didn't know any spells.
Your spell library was empty.

Dungeon Overview and Level Annotations

Branches:
Dungeon (1/1)

Altars:


Innate Abilities, Weirdness & Mutations

You have a pair of horns on your head.
You reflexively headbutt those who attack you in melee.


Message History

You have reached level 3!
Your experience leads to an increase in your attributes!
Increase (S)trength, (I)ntelligence, or (D)exterity?
You feel agile. x2
You have reached level 4!
You feel agile. The neqoxec closely misses you. You furiously retaliate!
You headbutt the neqoxec!
There is an open door here.
You hit the neqoxec.
You headbutt the neqoxec, but do no damage.
The neqoxec is heavily wounded.
You miss the neqoxec.
The neqoxec is heavily wounded.
You closely miss the neqoxec. You headbutt the neqoxec!
The neqoxec is almost dead.
The neqoxec hits you!
* * * LOW HITPOINT WARNING * * *
You closely miss the neqoxec.
The neqoxec is almost dead.
You closely miss the neqoxec.
The neqoxec is almost dead.
The neqoxec barely misses you. You furiously retaliate!
You headbutt the neqoxec!
You kill the neqoxec!
Trog accepts your kill.
Your Fighting skill increases to level 9!
Your Long Blades skill increases to level 9!
Your Armour skill increases to level 5!
Your Dodging skill increases to level 5!
You have reached level 5!
The neqoxec closely misses you.
You barely miss the neqoxec. You closely miss the neqoxec.
The neqoxec hits you!
* * * LOW HITPOINT WARNING * * *
You barely miss the neqoxec. You closely miss the neqoxec.
You headbutt the neqoxec!!
The neqoxec is severely wounded.
The neqoxec hits you!
You die...

##
#3##
#@##
##'#
##.##
+.<.+
##.##
#+#


You could see a neqoxec.

Vanquished Creatures
  2 neqoxecs (D)
2 creatures vanquished.

Notes
Turn   | Place    | Note
-------+----------+-------------------------------------------
     0 | D        | boopmooplesden the Minotaur Berserker began the quest for
                  | the Orb.
     0 | D        | Reached XP level 1. HP: 19/19 MP: 0/0
     1 | D        | Noticed a neqoxec
     1 | D        | Noticed a neqoxec
     4 | D        | Noticed a neqoxec
     7 | D        | Killed a neqoxec
     8 | D        | Reached XP level 2. HP: 17/35 MP: 1/1
     8 | D        | Reached XP level 3. HP: 20/40 MP: 2/2
     8 | D        | Reached XP level 4. HP: 24/48 MP: 3/3
    13 | D        | Killed a neqoxec
    14 | D        | Reached skill level 5 in Armour
    14 | D        | Reached skill level 5 in Dodging
    14 | D        | Reached XP level 5. HP: 17/58 MP: 4/4
    16 | D        | HP: 3/87 [neqoxec (14)]
    18 | D        | Mangled by a neqoxec

Illustrated notes

Levels and vault maps discovered:
D:        the_violet_keep_of_menkaure [sprint2_stairs_cluster_1,
          sprint2_shoproom, sprint2_temple, sprint2_basic_supplies,
          sprint2_obstacle_4, sprint2_obstacle_5, sprint2_obstacle_1,
          sprint2_obstacle_2, sprint2_obstacle_3, sprint2_timed_cluster_1,
          sprint2_smallroom_cluster_1, sprint2_smallroom_final_cluster_1,
          sprint2_transparent_cluster_1, sprint2_second_timed_cluster_1,
          sprint2_sniper_area_1, sprint2_heavy_combat_area_1,
          sprint2_mutation_trap_area_1, sprint2_forest_area_1,
          sprint2_light_combat_area_1, sprint2_behind_water_1,
          sprint2_near_end_vault_1]

Skill      XL: |  1  2  3  4 |
---------------+-------------+-----
Fighting       | 8 9 |  9.9
Long Blades    | 8 9 |  9.9
Armour         | 4 5 |  5.1
Dodging        | 4 5 |  5.1

Action                   |  1- 3 |  4- 6 || total
-------------------------+-------+-------++-------
Melee: Falchion          |     5 |     9 ||    14
       Headbutt          |     1 |     3 ||     4
Invok: Berserk           |     1 |       ||     1
Dodge: Dodged            |     1 |     3 ||     4
